 Dungeon Crawl Stone Soup version 0.26-a0-466-g989023bd0d (webtiles) character file.

Game seed: 17691367732111143714

48 pk666 the Magician (level 3, -3/19 HPs)
             Began as a Deep Elf Hedge Wizard on Aug 8, 2020.
             Slain by Sigmund
             ... wielding a +0 scythe
              (8 damage)
             ... on level 2 of the Dungeon.
             The game lasted 00:03:39 (1444 turns).

pk666 the Magician (Deep Elf Hedge Wizard)          Turns: 1444, Time: 00:03:40

Health: -3/19      AC:  2    Str:  7    XL:     3   Next: 50%
Magic:  2/11       EV: 13    Int: 19    God:
Gold:   81         SH:  0    Dex: 14    Spells: 3/12 levels left

rFire    . . .     SeeInvis .   a - +0 dagger
rCold    . . .     Faith    .   (no shield)
rNeg     . . .     Spirit   .   b - +0 robe
rPois    .         Reflect  .   c - +0 hat
rElec    .         Harm     .   (no cloak)
rCorr    .                      (no gloves)
MR       +....                  (no boots)
Stlth    ++........             (no amulet)
HPRegen  0.06/turn              d - ring of protection from magic (curse)
MPRegen  0.12/turn              (no ring)

@: very slightly contaminated
A: no striking features
a: no special abilities


You were on level 2 of the Dungeon.
You visited 1 branch of the dungeon, and saw 2 of its levels.

You collected 81 gold pieces.

Inventory:

Hand Weapons
 a - a +0 dagger (weapon)
Armour
 b - a +0 robe (worn)
 c - a +0 hat (worn)
Jewellery
 d - a cursed ring of protection from magic (left hand)
Scrolls
 g - 3 scrolls of identify {unknown}
 h - a scroll of magic mapping {unknown}
Potions
 e - a potion of invisibility {unknown}
 f - a potion of curing
 i - a potion of lignification {unknown}


   Skills:
 - Level 2.4 Dodging
 - Level 2.4 Stealth
 + Level 5.3 Spellcasting
 + Level 2.5 Conjurations
   Level 1.1 Summonings
 + Level 1.2 Translocations
 + Level 0.2 Fire Magic
 + Level 0.3 Air Magic
 + Level 0.3 Poison Magic


You had 3 spell levels left.
You knew the following spells:

 Your Spells              Type           Power        Failure   Level
a - Magic Dart            Conj           ##..         4%          1
b - Blink                 Tloc           N/A          11%         2
c - Conjure Flame         Conj/Fire      ##......     21%         3
d - Mephitic Cloud        Conj/Pois/Air  #.......     22%         3

Your spell library contained the following spells:

 Spells                   Type           Power        Failure   Level
 Call Imp                 Summ           #.......     12%         2
 Slow                     Hex            #.......     19%         2


Dungeon Overview and Level Annotations

Branches:
Dungeon (2/15)

Altars:

Annotations:
D:2 Sigmund


Message History

The spell is potentially lethal to cast (22% risk of failure)!
Continue anyway?
Press: ? - help, Shift-Dir - straight line You miscast Mephitic Cloud.
You are very lightly contaminated with residual magic.
Nothing appears to happen.
Something hits you.
* * * LOW HITPOINT WARNING * * *
Casting: Mephitic Cloud (potentially lethal; 22% risk of failure)
Confirm with . or Enter, or press ? or * to list all spells.
The spell is potentially lethal to cast (22% risk of failure)!
Continue anyway? [Y]es or [N]o only, please.
The spell is potentially lethal to cast (22% risk of failure)!
Continue anyway?
Press: ? - help, Shift-Dir - straight line The ball explodes into a vile cloud!
The stinking cloud engulfs something but does no damage.
Casting: Mephitic Cloud (potentially lethal; 22% risk of failure)
Confirm with . or Enter, or press ? or * to list all spells.
Press: ? - help, Shift-Dir - straight line The magic dart hits something but does no damage.
Something hits you!
You die...

......##)## #.# ...# #.#.#
......#### #.#.# #..###.#.#
......# #.#.# #.@.##.#.#
##.##.# #.#.# ##..##.#.# #.
#.# #.#.# #..##.#.# ..
#.##### #.#.##.###..##.#.#
##
#.......##.#.##...........#
.........#.######..##.###
#.........@○{○........#
#.....#######.....#####
#..... #.##### ##### #.#
#.# #.# #.# #># #.#


There were no monsters in sight!

Vanquished Creatures
  3 dart slugs
  6 bats
  2 giant cockroaches (D:1)
  2 hobgoblins (D:1)
  8 jackals (D:1)
  A frilled lizard (D:1)
  5 goblins
  6 kobolds (D:1)
  5 rats
38 creatures vanquished.

Notes
Turn   | Place    | Note
-------+----------+-------------------------------------------
     0 | D:1      | pk666 the Deep Elf Hedge Wizard began the quest for the
                  | Orb.
     0 | D:1      | Reached XP level 1. HP: 10/10 MP: 7/7
   232 | D:1      | Reached XP level 2. HP: 15/15 MP: 5/9
   409 | D:1      | Reached skill level 5 in Spellcasting
   665 | D:1      | Reached XP level 3. HP: 10/19 MP: 0/11
   808 | D:1      | Learned a level 2 spell: Blink
   812 | D:1      | Learned a level 3 spell: Conjure Flame
   816 | D:1      | Learned a level 3 spell: Mephitic Cloud
  1397 | D:2      | Noticed Sigmund
  1444 | D:2      | Slain by Sigmund

Illustrated notes

Levels and vault maps discovered:
D:1:      dpeg_arrival_tiny_b, layout_rooms, minmay_hedge_maze
D:2:      layout_loops_ring, uniq_sigmund

Skill      XL: |  1  2 |
---------------+-------+-----
Conjurations   | 2 |  2.5
Spellcasting   | 5 |  5.3
Dodging        | |  2.4
Stealth        | |  2.4
Summonings     | |  1.1
Translocations | |  1.2
Fire Magic     | |  0.2
Air Magic      | |  0.3
Poison Magic   | |  0.3

Action                   || total
-------------------------++-------
Melee: Dagger            ||     4
 Cast: Magic Dart        ||   100
       Conjure Flame     ||     1
       Mephitic Cloud    ||     1
Armor: Robe              ||     3
Dodge: Dodged            ||    12

Table legend: (Time is in decaauts)
 A = Elapsed time spent in this place.
 B = Non-inter-level travel time spent in this place.
 C = Inter-level travel time spent in this place.
 D = Time resting spent in this place.
 E = Time spent auto-exploring this place.
 F = Levels seen in this place.
 G = Mean time per level.
                   A        B        C        D        E       F      G
               +--------+--------+--------+--------+--------+-----+--------+
         Total |   1443 |   1437 |      6 |    667 |    565 |   2 |  721.5 |
       Dungeon |   1443 |   1437 |      6 |    667 |    565 |   2 |  721.5 |
               +--------+--------+--------+--------+--------+-----+--------+

Top non-repeatable levels by time:
     D:1: 1298 daAuts
     D:2: 144 daAuts
